ITL
BIRMINGHAM BARONS @ BLUEVILLE 83'S
09/22/2027
 
TOP OF THE 1ST
Birmingham Barons batting - Pitching for Blueville 83's : RHP Frank Davis
Pitching: RHP Frank Davis
Batting: RHB Vicente Carona 0-0: Ball
1-0: Ball
2-0: Called Strike
2-1: Foul Ball, location: 2F
2-2: Ball
3-2: Foul Ball, location: 2F
3-2: DOUBLE (Line Drive, 7LM)
Batting: RHB Warren Martin 0-0: Ball
1-0: Foul Ball, location: 2F
1-1: Fly out, F8 (Flyball, 8RD)
Runner from 2nd tags up, SAFE at 3rd, no throw
Batting: RHB Todd Rogers 0-0: Ball
1-0: Fly out, F8 (Flyball, 8LD)
Runner from 3rd tags up, SCORES, no throw
Batting: SHB Anastasio Ortíz 0-0: Ball
1-0: Ground out U3 (Groundball, 34S)
Top of the 1st over - 1 run(s), 1 hit(s), 0 error(s), 0 left on base; Birmingham 1 - Blueville 0
BOTTOM OF THE 1ST
Blueville 83's batting - Pitching for Birmingham Barons : RHP Michael Young
Pitching: RHP Michael Young
Batting: SHB Caden Keith 0-0: Ground out 5-3 (Groundball, 56S)
Batting: RHB Matt Perkins 0-0: Called Strike
0-1: Foul Ball, location: 2F
0-2: Foul Ball, location: 2F
0-2: Strikes out swinging
Batting: RHB Gernot Renner 0-0: Ball
1-0: Ground out 1-3 (Groundball, P)
Bottom of the 1st over - 0 run(s), 0 hit(s), 0 error(s), 0 left on base; Birmingham 1 - Blueville 0
TOP OF THE 2ND
Birmingham Barons batting - Pitching for Blueville 83's : RHP Frank Davis
Batting: RHB Jean-Paul St-Pierre 0-0: Ball
1-0: Foul Ball, location: 2F
1-1: Ball
2-1: SINGLE (Line Drive, 6M)
Batting: RHB Peyton Yardley 0-0: Foul Ball, location: 2F
0-1: Foul Ball, location: 2F
0-2: Ball
1-2: Ball
2-2: Foul Ball, location: 2F
2-2: Foul Ball, location: 2F
2-2: Ball
3-2: Strikes out swinging
Batting: LHB John Haney 0-0: Ball
1-0: Swinging Strike
Pickoff Throw to First - Out!
1-1: Called Strike
1-2: Ball
2-2: Foul Ball, location: 2F
2-2: Foul Ball, location: 2F
2-2: Strikes out swinging
Top of the 2nd over - 0 run(s), 1 hit(s), 0 error(s), 0 left on base; Birmingham 1 - Blueville 0
BOTTOM OF THE 2ND
Blueville 83's batting - Pitching for Birmingham Barons : RHP Michael Young
Batting: SHB Jack Fountain 0-0: Ground out 4-3 (Groundball, 34)
Batting: RHB Barney Lawson 0-0: Ground out 6-3 (Groundball, 6M)
Batting: LHB Ricardo Romero 0-0: Swinging Strike
0-1: Foul Ball, location: 2F
0-2: Ball
1-2: Foul Ball, location: 2F
1-2: Strikes out looking
Bottom of the 2nd over - 0 run(s), 0 hit(s), 0 error(s), 0 left on base; Birmingham 1 - Blueville 0
TOP OF THE 3RD
Birmingham Barons batting - Pitching for Blueville 83's : RHP Frank Davis
Batting: RHB Juan Jiménez 0-0: Ball
1-0: Ball
2-0: Ball
3-0: Called Strike
3-1: Called Strike
3-2: Foul Ball, location: 2F
3-2: Fly out, F5 (Popup, 5L)
Batting: RHB Vicente Elías 0-0: Ball
1-0: Ground out 5-3 (Groundball, 56)
Batting: RHB Vicente Carona 0-0: Ball
1-0: SINGLE (Line Drive, 5L)
Batting: RHB Warren Martin 0-0: Ball
1-0: Swinging Strike
1-1: Ball
2-1: Swinging Strike
2-2: Strikes out swinging
Top of the 3rd over - 0 run(s), 1 hit(s), 0 error(s), 1 left on base; Birmingham 1 - Blueville 0
BOTTOM OF THE 3RD
Blueville 83's batting - Pitching for Birmingham Barons : RHP Michael Young
Batting: LHB Ron Robinson 0-0: Called Strike
0-1: Foul Ball, location: 2F
0-2: Ground out U3 (Groundball, 3L)
Batting: RHB Pat Haynes 0-0: Foul Ball, location: 2F
0-1: Foul Ball, location: 2F
0-2: Fly out, F9 (Flyball, 9S)
Batting: RHB Fernando Díaz 0-0: Called Strike
0-1: Foul Ball, location: 2F
0-2: SINGLE (Groundball, 4MD)
Batting: SHB Caden Keith 0-0: Ball
1-0: Swinging Strike
1-1: Ball
2-1: Fly out, F6 (Popup, 6MD)
Bottom of the 3rd over - 0 run(s), 1 hit(s), 0 error(s), 1 left on base; Birmingham 1 - Blueville 0
TOP OF THE 4TH
Birmingham Barons batting - Pitching for Blueville 83's : RHP Frank Davis
Batting: RHB Todd Rogers 0-0: Called Strike
0-1: Ball
1-1: Ball
2-1: Ball
3-1: Foul Ball, location: 2F
3-2: Foul Ball, location: 2F
3-2: Base on Balls
Batting: SHB Anastasio Ortíz 0-0: Called Strike
0-1: Ball
1-1: Foul Ball, location: 2F
1-2: Foul Ball, location: 2F
1-2: Fly out, F3 (Line Drive, 34)
Batting: RHB Jean-Paul St-Pierre 0-0: Ball
1-0: Called Strike
1-1: Foul Ball, location: 2F
1-2: Foul Ball, location: 2F
1-2: Foul Ball, location: 2F
1-2: Fly out, F8 (Flyball, 78D)
Batting: RHB Peyton Yardley 0-0: SINGLE (Line Drive, 5D)
Todd Rogers to second
Batting: LHB John Haney 0-0: Ball
1-0: Called Strike
1-1: Foul Ball, location: 2F
1-2: Strikes out swinging
Top of the 4th over - 0 run(s), 1 hit(s), 0 error(s), 2 left on base; Birmingham 1 - Blueville 0
BOTTOM OF THE 4TH
Blueville 83's batting - Pitching for Birmingham Barons : RHP Michael Young
Batting: RHB Matt Perkins 0-0: Ground out 6-3 (Groundball, 6)
Batting: RHB Gernot Renner 0-0: Ball
1-0: Ball
2-0: Ball
3-0: Base on Balls
Batting: SHB Jack Fountain 0-0: Called Strike
0-1: Ball
Gernot Renner is caught stealing 2nd base
1-1: Ball
2-1: Called Strike
2-2: Ball
3-2: Foul Ball, location: 2F
3-2: Foul Ball, location: 2F
3-2: Foul Ball, location: 2F
3-2: SINGLE (Flyball, 8RS)
Batting: RHB Barney Lawson 0-0: Called Strike
0-1: Fly out, F9 (Line Drive, 9S)
Bottom of the 4th over - 0 run(s), 1 hit(s), 0 error(s), 1 left on base; Birmingham 1 - Blueville 0
TOP OF THE 5TH
Birmingham Barons batting - Pitching for Blueville 83's : RHP Frank Davis
Batting: RHB Juan Jiménez 0-0: Ground out 6-3 (Groundball, 6)
Batting: RHB Vicente Elías 0-0: Foul Ball, location: 2F
0-1: Foul Ball, location: 2F
0-2: Foul Ball, location: 2F
0-2: Strikes out swinging
Batting: RHB Vicente Carona 0-0: Ball
1-0: Ball
2-0: Ground out 6-3 (Groundball, 6)
Top of the 5th over - 0 run(s), 0 hit(s), 0 error(s), 0 left on base; Birmingham 1 - Blueville 0
BOTTOM OF THE 5TH
Blueville 83's batting - Pitching for Birmingham Barons : RHP Michael Young
Batting: LHB Ricardo Romero 0-0: Called Strike
0-1: Ball
1-1: Foul Ball, location: 2F
1-2: Strikes out swinging
Batting: LHB Ron Robinson 0-0: Called Strike
0-1: Ball
1-1: Ball
2-1: Ball
3-1: SINGLE (Groundball, 34D)
Batting: RHB Pat Haynes 0-0: Ball
1-0: Foul Ball, location: 2F
1-1: Ball
2-1: Fly out, F9 (Flyball, 9LS)
Batting: RHB Fernando Díaz 0-0: Ball
1-0: Called Strike
1-1: Ball
2-1: Foul Ball, location: 2F
2-2: Ball
Ron Robinson is caught stealing 2nd base
Bottom of the 5th over - 0 run(s), 1 hit(s), 0 error(s), 0 left on base; Birmingham 1 - Blueville 0
TOP OF THE 6TH
Birmingham Barons batting - Pitching for Blueville 83's : RHP Frank Davis
Batting: RHB Warren Martin 0-0: Ball
1-0: SINGLE (Groundball, 56D)
Batting: RHB Todd Rogers 0-0: Ball
1-0: Called Strike
1-1: Ball
2-1: Ball
3-1: Foul Ball, location: 2F
3-2: Foul Ball, location: 2F
3-2: Strikes out swinging
Pitching: LHP Pierre Dumont
Batting: SHB Anastasio Ortíz 0-0: Ball
1-0: Called Strike
1-1: Foul Ball, location: 2F
1-2: Ball
2-2: SINGLE (Line Drive, 89S)
Warren Martin to second
Batting: RHB Jean-Paul St-Pierre 0-0: Foul Ball, location: 2F
0-1: Ball
1-1: SINGLE (Groundball, 34D)
Warren Martin to third
Anastasio Ortíz to second
Runner from 3rd tries for Home, SAFE, throw made home
Anastasio Ortíz to third
Jean-Paul St-Pierre to second
Batting: RHB Peyton Yardley 0-0: Intentional Walk
Batting: LHB John Haney 0-0: Ball
1-0: Called Strike
1-1: Ball
2-1: Foul Ball, location: 2F
2-2: Fly out, F9 (Flyball, 89D)
Runner from 3rd tags up, SCORES, no throw
Batting: RHB Juan Jiménez 0-0: Foul Ball, location: 2F
0-1: Ball
1-1: Ball
2-1: Swinging Strike
2-2: Ball
3-2: Strikes out swinging
Top of the 6th over - 2 run(s), 3 hit(s), 0 error(s), 2 left on base; Birmingham 3 - Blueville 0
BOTTOM OF THE 6TH
Blueville 83's batting - Pitching for Birmingham Barons : RHP Michael Young
Batting: RHB Fernando Díaz 0-0: Ball
1-0: Ball
2-0: Reached on error, E9 (Flyball, 9LS)
Batting: SHB Caden Keith 0-0: Ball
1-0: Ball
2-0: Foul Ball, location: 2F
2-1: Foul Ball, location: 2F
2-2: Strikes out swinging
Batting: RHB Matt Perkins 0-0: SINGLE (Groundball, 6MD)
Fernando Díaz to second
Batting: RHB Gernot Renner 0-0: Ball
1-0: Foul Ball, location: 2F
1-1: Grounds into double play, 6-4-3 (Groundball, 6)
Bottom of the 6th over - 0 run(s), 1 hit(s), 1 error(s), 1 left on base; Birmingham 3 - Blueville 0
TOP OF THE 7TH
Birmingham Barons batting - Pitching for Blueville 83's : LHP Pierre Dumont
Batting: RHB Vicente Elías 0-0: Called Strike
0-1: Ball
1-1: Ball
2-1: Foul Ball, location: 2F
2-2: Fly out, F8 (Line Drive, 8LD)
Batting: RHB Vicente Carona 0-0: Foul Ball, location: 2F
0-1: Ball
1-1: Ball
2-1: Ball
3-1: Base on Balls
Batting: RHB Warren Martin 0-0: SINGLE (Line Drive, 4MD)
Vicente Carona to second
Batting: RHB Todd Rogers 0-0: Called Strike
0-1: Ball
1-1: Fly out, F9 (Line Drive, 9)
Batting: SHB Anastasio Ortíz 0-0: Ball
1-0: Ball
2-0: Ball
3-0: Called Strike
3-1: Foul Ball, location: 2F
3-2: Foul Ball, location: 2F
3-2: Base on Balls
Vicente Carona to third
Warren Martin to second
Batting: RHB Jean-Paul St-Pierre 0-0: Swinging Strike
0-1: Fly out, F9 (Flyball, 9LMF)
Top of the 7th over - 0 run(s), 1 hit(s), 0 error(s), 3 left on base; Birmingham 3 - Blueville 0
BOTTOM OF THE 7TH
Blueville 83's batting - Pitching for Birmingham Barons : RHP Michael Young
Batting: SHB Jack Fountain 0-0: Called Strike
0-1: Foul Ball, location: 2F
0-2: Hit by Pitch
Batting: RHB Barney Lawson 0-0: Fly out, F8 (Line Drive, 8LD)
Batting: LHB Ricardo Romero 0-0: Ball
1-0: Foul Ball, location: 2F
1-1: Foul Ball, location: 2F
1-2: Grounds into double play, 4-6-3 (Groundball, 4)
Bottom of the 7th over - 0 run(s), 0 hit(s), 0 error(s), 0 left on base; Birmingham 3 - Blueville 0
TOP OF THE 8TH
Birmingham Barons batting - Pitching for Blueville 83's : LHP Pierre Dumont
Batting: RHB Peyton Yardley 0-0: Fly out, F7 (Flyball, 7LSF)
Batting: LHB John Haney 0-0: Ball
1-0: Ball
2-0: Ground out 4-3 (Groundball, 4)
Batting: RHB Juan Jiménez 0-0: Called Strike
0-1: Foul Ball, location: 2F
0-2: SINGLE (Groundball, 6D)
Pitching: RHP José Becerra
Batting: RHB Vicente Elías 0-0: Called Strike
0-1: Foul Ball, location: 2F
0-2: Strikes out swinging
Top of the 8th over - 0 run(s), 1 hit(s), 0 error(s), 1 left on base; Birmingham 3 - Blueville 0
BOTTOM OF THE 8TH
Blueville 83's batting - Pitching for Birmingham Barons : RHP Michael Young
Batting: LHB Ron Robinson 0-0: Ball
1-0: Called Strike
1-1: Ball
2-1: SINGLE (Groundball, 4MD)
Batting: RHB Pat Haynes 0-0: Ball
1-0: Reached on error, E5 (Groundball, 56)
Ron Robinson to second
Batting: RHB Fernando Díaz 0-0: Foul Ball, location: 2F
0-1: Ball
1-1: Foul Ball, location: 2F
1-2: Strikes out swinging
Batting: SHB Caden Keith 0-0: Called Strike
0-1: Ball
1-1: Foul Ball, location: 2F
1-2: Foul Ball, location: 2F
1-2: Foul Ball, location: 2F
1-2: Hit by Pitch
Ron Robinson to third
Pat Haynes to second
Pinch Hitting: LHB Jacob Wright 0-0: Fly out, F9 (Flyball, 9S)
Batting: RHB Gernot Renner 0-0: Called Strike
0-1: Foul Ball, location: 2F
0-2: Ball
1-2: Strikes out swinging
Bottom of the 8th over - 0 run(s), 1 hit(s), 1 error(s), 3 left on base; Birmingham 3 - Blueville 0
TOP OF THE 9TH
Birmingham Barons batting - Pitching for Blueville 83's : RHP José Becerra
Now at 1B: Jacob Wright
Batting: RHB Vicente Carona 0-0: Ball
1-0: Ball
2-0: Fly out, F6 (Line Drive, 6)
Batting: RHB Warren Martin 0-0: Swinging Strike
0-1: Foul Ball, location: 2F
0-2: Ball
1-2: Foul Ball, location: 2F
1-2: Ball
2-2: Foul Ball, location: 2F
2-2: Ball
3-2: Fly out, F8 (Flyball, 8LM)
Batting: RHB Todd Rogers 0-0: Ball
1-0: Called Strike
1-1: Foul Ball, location: 2F
1-2: DOUBLE (Flyball, 9)
Batting: SHB Anastasio Ortíz 0-0: Swinging Strike
0-1: Swinging Strike
0-2: Foul Ball, location: 2F
0-2: Foul Ball, location: 2F
0-2: Ball
1-2: Ball
2-2: Strikes out swinging
Top of the 9th over - 0 run(s), 1 hit(s), 0 error(s), 1 left on base; Birmingham 3 - Blueville 0
BOTTOM OF THE 9TH
Blueville 83's batting - Pitching for Birmingham Barons : RHP Michael Young
Pitching: RHP Gabriel Oliuo
Now in LF: Pete Smith
Batting: SHB Jack Fountain 0-0: Called Strike
0-1: Ball
1-1: Ball
2-1: SINGLE (Groundball, 4D)
Batting: RHB Barney Lawson 0-0: Ball
1-0: DOUBLE (Groundball, 5L)
Jack Fountain to third
Batting: LHB Ricardo Romero 0-0: Swinging Strike
0-1: Foul Ball, location: 2F
0-2: SINGLE (Line Drive, 34D)
Jack Fountain scores
Barney Lawson to third
Runner from 3rd tries for Home, SAFE, no throw
Pitching: RHP Guillermo Lozano
Batting: LHB Ron Robinson 0-0: Sac Bunt - play at first, batter OUT! 1-4
Ricardo Romero to second
Pinch Hitting: LHB Cristóbal Cintrón 0-0: Ball
1-0: Fly out, F8 (Flyball, 8RM)
Batting: RHB Fernando Díaz 0-0: Ball
1-0: Called Strike
1-1: Foul Ball, location: 2F
1-2: Foul Ball, location: 2F
1-2: 2-RUN HOME RUN (Line Drive, 7LD), Distance : 348 ft
Thursday, March 30th, 2017 - OOTP Baseball 17.12 Build 75